 Dungeon Crawl Stone Soup version 0.20.0-15-g7f486f2 (webtiles) character file.

474 SilverNite the Shield-Bearer (level 7, -7/53 HPs)
             Began as a Human Fighter on July 4, 2017.
             Was an Initiate of Okawaru.
             Mangled by an ogre
             ... wielding a +0 giant club
              (20 damage)
             ... on level 5 of the Dungeon.
             The game lasted 00:44:55 (5036 turns).

SilverNite the Shield-Bearer (Human Fighter)        Turns: 5036, Time: 00:44:55

Health: -7/53      AC: 15    Str: 23    XL:     7   Next: 32%
Magic:  7/7        EV:  5    Int:  8    God:    Okawaru [......]
Gold:   325        SH: 10    Dex: 13    Spells: 6/6 levels left

rFire    . . .     SeeInvis .   q - +2 flail (crush)
rCold    . . .     Gourm    .   c - +0 shield
rNeg     . . .     Faith    .   y - +0 plate armour
rPois    .         Spirit   .   m - +0 helmet
rElec    .         Reflect  .   k - +0 cloak (curse)
rCorr    .         Harm     .   (no gloves)
MR       .....                  w - +0 pair of boots
Stlth    ..........             i - amulet of regeneration
Regen    0.6/turn               v - ring of wizardry
MPRegen  0.1/turn               (no ring)

@: mighty
A: no striking features
a: Renounce Religion


You were on level 5 of the Dungeon.
You worshipped Okawaru.
Okawaru was noncommittal.
You were hungry.

You visited 1 branch of the dungeon, and saw 6 of its levels.

You collected 325 gold pieces.

Inventory:

Hand Weapons
 a - a +0 long sword
 e - a +0 hunting sling
 o - a +0 mace
 q - a +2 flail of crushing (weapon)
Missiles
 g - 32 poisoned needles
 l - 59 arrows
 n - 26 sling bullets
 p - 211 stones (quivered)
 r - 37 bolts
 s - 5 silver tomahawks
Armour
 b - a +0 scale mail
 c - a +0 shield (worn)
 k - a cursed +0 cloak (worn)
 m - a +0 helmet (worn)
 w - a +0 pair of boots (worn)
 y - a +0 plate armour (worn)
 B - a scarf of cloud immunity
 C - a +0 ring mail
 D - a +0 chain mail
 G - a +0 chain mail
Jewellery
 i - an amulet of regeneration (around neck)
 v - a ring of wizardry (left hand)
Scrolls
 u - a scroll of fog
 z - 5 scrolls of teleportation
 E - a scroll of immolation {unknown}
 F - a scroll of remove curse {unknown}
Potions
 d - a potion of might
 h - 2 potions of ambrosia
 t - a potion of brilliance {unknown}
 x - 2 potions of heal wounds {unknown}
 A - 2 potions of flight
Comestibles
 f - 2 bread rations
 j - 3 royal jellies
 H - a meat ration


   Skills:
 + Level 3.8 Fighting
 + Level 3.9 Long Blades
 + Level 2.2 Maces & Flails
 + Level 4.0 Armour
 + Level 1.4 Dodging
 + Level 0.7 Stealth
 + Level 4.9 Shields


You had 6 spell levels left.
You didn't know any spells.

Dungeon Overview and Level Annotations

Branches:
Dungeon (6/15)
 Temple: D:4-7

Altars:
Fedhas
Nemelex Xobeh
Okawaru


Message History

The ogre is severely wounded.
You block the orc's attack.
The leopard gecko skeleton bites you but does no damage.
The orc hits you but does no damage. You block the orc's attack.
The ogre barely misses you.
You block the leopard gecko skeleton's attack.
You block the orc's attack. The orc hits you with a club.
You barely miss the ogre.
The ogre is severely wounded.
You block the orc's attack.
You block the leopard gecko skeleton's attack.
The ogre hits you with a giant club!!
* * * LOW HITPOINT WARNING * * *
The orc hits you but does no damage. x2; The orc closely misses you.
You barely miss the ogre.
The ogre is severely wounded.
The leopard gecko skeleton barely misses you.
You block the orc's attack. The orc hits you but does no damage.
The ogre hits you with a giant club!!
You die...

###############
.......oo.....#
.......O@)....#
.......oZ.....#
......(.......#
................
..[...........##
..............#
..............#
..............#


You could see an ogre, 3 orcs and a leopard gecko skeleton.

Vanquished Creatures
  An ogre (D:4)
  2 hounds
  An orc wizard (D:4)
  An orc priest (D:4)
  A gnoll shaman (D:4)
  4 gnolls
  8 adders
  2 oozes
  6 dart slugs
  A leopard gecko (D:3)
  16 orcs
  7 bats
  2 giant cockroaches
  9 goblins
  9 hobgoblins
  8 jackals
  14 kobolds
  3 quokkas
  3 ball pythons
  4 frilled lizards
  5 rats
  2 plants (D:3)
109 creatures vanquished.

Notes
Turn   | Place    | Note
-------+----------+-------------------------------------------
     0 | D:1      | SilverNite the Human Fighter began the quest for the Orb.
     0 | D:1      | Reached XP level 1. HP: 18/18 MP: 1/1
   391 | D:1      | Reached XP level 2. HP: 24/24 MP: 2/2
   534 | D:1      | Reached XP level 3. HP: 29/29 MP: 3/3
  1340 | D:2      | Reached XP level 4. HP: 35/35 MP: 4/4
  1548 | D:2      | You fall through a shaft!
  1555 | D:3      | Found a sparkling altar of Nemelex Xobeh.
  1622 | D:3      | You fall through a shaft for 3 floors!
  1626 | D:6      | Noticed a centaur
  1626 | D:6      | Noticed an ogre
  1643 | D:5      | Entered Level 5 of the Dungeon
  1651 | D:5      | Reached XP level 5. HP: 11/41 MP: 5/5
  1694 | D:5      | Reached skill level 1 in Dodging
  1838 | D:4      | Noticed an ogre
  1843 | D:4      | Killed an ogre
  1843 | D:4      | Reached XP level 6. HP: 21/47 MP: 6/6
  2273 | D:4      | Reached skill level 1 in Maces & Flails
  2772 | D:2      | Found a blossoming altar of Fedhas.
  3141 | D:3      | Reached XP level 7. HP: 52/52 MP: 7/7
  3160 | D:3      | Found an iron altar of Okawaru.
  3169 | D:3      | Became a worshipper of Warmaster Okawaru
  5036 | D:5      | Mangled by an ogre

Skill      XL: |  1  2  3  4  5  6  7 |
---------------+----------------------+-----
Long Blades    | 3 |  3.9
Dodging        | 1 |  1.4
Shields        | 4 |  4.9
Maces & Flails | 1 2 |  2.2
Armour         | 4 |  4.0
Fighting       | |  3.8
Stealth        | |  0.7

Action                   |  1- 3 |  4- 6 |  7- 9 || total
-------------------------+-------+-------+-------++-------
Melee: Long sword        |   103 |    46 |       ||   149
       Flail             |       |   125 |   124 ||   249
  Use: Scroll            |     2 |     3 |     1 ||     6
       Potion            |     1 |     3 |     1 ||     5
  Eat: Meat ration       |     1 |       |     1 ||     2
       Chunk             |       |     1 |     2 ||     3
Armor: Scale mail        |    65 |    42 |       ||   107
       Plate armour      |       |   163 |    69 ||   232
Dodge: Dodged            |    38 |    90 |    16 ||   144
Block: Shield            |    73 |   168 |    58 ||   299
       Rpst.: Long sword |    15 |     6 |       ||    21
